 Dungeon Crawl Stone Soup version 0.28-a0-1415-g7c84da0 (webtiles) character file.

Game seed: 9900031855643538410

43 Dorkslayer the Covered (level 3, 0/33 HPs)
             Began as a Hill Orc Fighter on Jan 7, 2022.
             Killed by divine providence
             ... invoked by an orc priest
              (10 damage)
             ... on level 2 of the Dungeon.
             The game lasted 00:02:21 (1145 turns).

Dorkslayer the Covered (Hill Orc Fighter)           Turns: 1145, Time: 00:02:21

Health: 0/33       AC:  7    Str: 20    XL:     3   Next: 58%
Magic:  3/3        EV:  9    Int:  8    God:
Gold:   41         SH:  4    Dex: 10    Spells: 2/2 levels left

rFire   . . .      SeeInvis .   a - +0 long sword (elec)
rCold   . . .      Faith    .   c - +0 buckler
rNeg    . . .      Spirit   .   b - +0 scale mail
rPois   .          Reflect  .   (no helmet)
rElec   .          Harm     .   (no cloak)
rCorr   .          Rampage  .   (no gloves)
Will    .....                   (no boots)
Stlth   ..........              (no amulet)
HPRegen 0.11/turn               (no ring)
MPRegen 0.08/turn               (no ring)

@: mighty
A: no striking features
a: Convert to Beogh


You were on level 2 of the Dungeon.
You visited 1 branch of the dungeon, and saw 2 of its levels.

You collected 41 gold pieces.

Inventory:

Hand Weapons
 a - a +0 long sword of electrocution (weapon)
Armour
 b - a +0 scale mail (worn)
 c - a +0 buckler (worn)
Potions
 d - a potion of might


   Skills:
 + Level 3.9 Fighting
 + Level 2.7 Long Blades
 + Level 4.1 Armour
 + Level 0.7 Dodging
 + Level 3.3 Shields


You had 2 spell levels left.
You didn't know any spells.
Your spell library contained the following spells:

 Spells                   Type           Power      Damage    Failure   Level
 Magic Dart               Conj           0%         1d3       85%         1
 Call Imp                 Summ           0%         N/A       94%         2
 Mephitic Cloud           Conj/Pois/Air  0%         N/A       99%         3


Dungeon Overview and Level Annotations

Branches:
Dungeon (2/15)

Altars:


Message History

Your +0 long sword crackles with electricity.
a - a +0 long sword of electrocution (weapon)
An orc comes into view.
It is wielding a +2 whip of electrocution.
Found a stone staircase leading down.
The orc shouts!
You hear a shout!
You block the orc's attack.
You barely miss the orc. The orc hits you but does no damage.
You barely miss the orc.
An orc priest comes into view. It is wielding a +0 dagger.
The orc hits you but does no damage.
You are electrocuted!!
Ouch! That really hurt!
You closely miss the orc.
The orc priest threatens, "By the altar or by the axe, you will meet Beogh!" (press Y on the ability menu to convert to Beogh)
The orc priest shouts!
You hear a shout!
The orc hits you with a +2 whip of electrocution.
An orc comes into view. It is wielding a +0 falchion.
The orc priest looks encouraged for a moment.
The orc barely misses you.
The orc priest threatens, "By the altar or by the axe, you will meet Beogh!"
You block the orc's attack.
You barely miss the orc. The orc hits you but does no damage.
You closely miss the orc.
The orc hits you with a +2 whip of electrocution.
* * * LOW HITPOINT WARNING * * *
You feel very mighty all of a sudden. The orc barely misses you.
You hit the orc.
The orc is almost dead.
The orc hits you but does no damage. You block the orc's attack.
You slash the orc!
You kill the orc!
You closely miss the orc priest.
The orc priest hits you but does no damage.
You hit the orc priest.
Lightning courses through the orc priest!
The orc priest is almost dead.
The orc priest mumbles some strange prayers to Beogh against you.
Beogh smites you!
You die...

*,,,,,*,,,,,,,,,***###,* #..
****,,,,,*,,,,,,,,,,,,..#.#
#..
,,,+,,,,,******#####**#.#.#
#.. ,***,,,,,* *,,,,...#
#.#.#####.. ,* *,,,,,*
#.#####.####.#.....?.. ,*
*****,**#>....................
,*
***,oo..###o#.####....#.##..
,*
*,,,.*****#o#.####....#.####
,* *,,,,,,,,,#@#...........#
,*****,,,,,***,#.######.##.###
,,,,,,,,,,,* *,#.# #.##.#*****
*****,,,,,,*
*,#.#****#.#<.#,,,,,
*,,,,,,***,#..,,,,..#..#,,,,,
*,,,,,,,,*,###****###..#,,,,,
*,,,,,,,,*,* #..#,,,,,
*,,,,,,,,*,* #..#,,,,,
*,***,,,,*,* *****#..#,,,,,


You could see an orc priest and an orc.

Vanquished Creatures
  An adder (D:2)
  An orc (D:2)
  3 endoplasms (D:1)
  4 giant cockroaches (D:1)
  3 goblins (D:1)
  5 hobgoblins
  A quokka (D:1)
  4 ball pythons (D:1)
  4 bats (D:1)
  2 frilled lizards
  2 kobolds (D:1)
30 creatures vanquished.

Notes
Turn   | Place    | Note
-------+----------+-------------------------------------------
     0 | D:1      | Dorkslayer the Hill Orc Fighter began the quest for the
                  | Orb.
     0 | D:1      | Reached XP level 1. HP: 19/19 MP: 1/1
   246 | D:1      | Reached XP level 2. HP: 27/27 MP: 2/2
   559 | D:1      | Reached XP level 3. HP: 25/33 MP: 3/3
  1000 | D:2      | Reached skill level 4 in Armour
  1145 | D:2      | Killed from afar by an orc priest

Illustrated notes

Levels and vault maps discovered:
D:1:      dpeg_arrival_tiny_a, layout_loops_cross
D:2:      layout_basic, kennysheep_cluttered_room

Skill      XL: |  1  2  3 |
---------------+----------+-----
Armour         | 4 |  4.1
Fighting       | |  3.9
Long Blades    | |  2.7
Dodging        | |  0.7
Shields        | |  3.3

Action                   || total
-------------------------++-------
Melee: Long sword        ||   110
  Use: Scroll            ||     3
       Potion            ||     1
Armor: Scale mail        ||    62
Dodge: Dodged            ||    58
Block: Buckler           ||    23

Table legend: (Time is in decaauts)
 A = Elapsed time spent in this place.
 B = Non-inter-level travel time spent in this place.
 C = Inter-level travel time spent in this place.
 D = Time resting spent in this place.
 E = Time spent auto-exploring this place.
 F = Levels seen in this place.
 G = Mean time per level.
                   A        B        C        D        E       F      G
               +--------+--------+--------+--------+--------+-----+--------+
         Total |   1179 |   1179 |      0 |     94 |    593 |   2 |  589.5 |
       Dungeon |   1179 |   1179 |      0 |     94 |    593 |   2 |  589.5 |
               +--------+--------+--------+--------+--------+-----+--------+

Top non-repeatable levels by time:
     D:1: 960 daAuts
     D:2: 218 daAuts
